Map: 永恒梦境-天梯版

Players

iGCoffeeMs (Coffee) - Winner!

  • Race: Terran Terran
  • League: Master

iGMacSed (MacSed)

  • Race: Protoss Protoss
  • League: Master

Event: DreamHack SC2 Masters 2020 Fall

VOD

Have the link to the VOD?

Description

Time

  • Played on: Sept. 2, 2020, 8:20 a.m.
  • Length: 5:18

All games in this series

Show
View Real Time Build Order
Export as new Build Order

iGCoffeeMs Terran - Winner!

Build Orders:  

Get SALT Encoding   

  12  0:00  SCV  
  13  0:12  SCV  
  14  0:16  Supply Depot  
  14  0:24  SCV  
  15  0:39  Barracks  
  15  0:42  Supply Depot  
  15  0:53  Barracks  
  15  1:05  Barracks  
  15  1:19  Barracks  
  14  1:26  Marine  
  15  1:41  Marine  
  15  1:44  Marine  
  17  1:48  Orbital Command  
  17  1:52  Marine  
  18  1:59  Marine  
  19  2:01  Marine  
  19  2:07  Marine  
  21  2:11  Marine  
  22  2:17  Marine  
  22  2:19  Marine  
  24  2:25  Supply Depot  
  24  2:26  Marine  
  24  2:29  Marine  
  26  2:36  Marine  
  27  2:37  Marine  
  27  2:43  Marine  
  29  2:50  Marine  
  30  2:53  Marine  
  30  2:55  Marine  
  32  3:01  Marine  
  33  3:08  Marine  
  34  3:16  Marine x2  
  36  3:24  Marine  
  35  3:39  Marine x2  
  35  3:40  Marine  
  27  3:57  Marine  
  28  4:05  Marine x2  
  28  4:06  Marine  
  28  4:19  Marine  
  28  4:28  Marine  
  24  4:32  Marine  
  22  4:49  Marine  
  20  4:57  Marine  
  20  4:58  Marine  
Show
View Real Time Build Order
Export as new Build Order

iGMacSed Protoss 

Build Orders: 1 Gate Expand 

Get SALT Encoding   

  12  0:00  Probe  
  13  0:12  Probe  
  14  0:17  Pylon  
  14  0:24  Probe (Chrono Boost)  
  15  0:36  Probe (Chrono Boost)  
  15  0:40  Gateway  
  16  0:45  Probe (Chrono Boost)  
  16  0:48  Assimilator  
  17  0:51  Probe  
  18  1:03  Probe  
  19  1:15  Probe  
  20  1:27  Cybernetics Core  
  20  1:34  Nexus  
  20  1:38  Probe  
  21  1:44  Pylon  
  21  1:50  Probe  
  21  1:52  Assimilator  
  22  2:01  Stalker (Chrono Boost)  
  22  2:02  Warp Gate (Chrono Boost), Probe  
  25  2:14  Probe  
  26  2:21  Stalker (Chrono Boost)  
  26  2:26  Probe  
  29  2:38  Probe  
  29  2:41  Gateway  
  29  2:43  Gateway  
  30  2:48  Probe  
  30  2:50  Probe  
  32  2:55  Stalker  
  34  3:00  Probe  
  34  3:04  Pylon  
  35  3:06  Probe  
  37  3:19  Shield Battery  
  38  3:23  Shield Battery  
  38  3:25  Pylon  
  36  3:32  Pylon  
  36  3:33  Pylon  
  35  3:43  Stalker  
  36  3:50  Probe  
  20  4:03  Pylon  
  20  4:06  Stalker  
  8  4:49  Stalker  

Tags
 
Add a new tag
Caveats
  • Supply blocks, unpowered buildings, or Contaminate may cause inaccurate times.
  • Supply counts are checked every 10 seconds.